 Seeded DCSS version 0.30-a0-613-gdd512c7efb (webtiles) character file.

Game seed: 2050236378858804499 (custom seed)

373 purpskrrrp the Slasher (level 6, 0/52 HPs)
             Began as a Minotaur Gladiator on Jan 8, 2023.
             Slain by a phantom (2 damage)
             ... on level 5 of the Dungeon.
             The game lasted 00:04:41 (3730 turns).

purpskrrrp the Slasher (Minotaur Gladiator)         Turns: 3730, Time: 00:04:42

Health: 0/52       AC: 11    Str: 19    XL:     6   Next: 43%
Magic:  5/5        EV:  5    Int:  5    God:
Gold:   139        SH:  7    Dex: 13    Spells: 5/5 levels left

rFire   . . .      SeeInvis .    a - +0 long sword (heavy)
rCold   . . .      Faith    .    A - +0 kite shield
rNeg    . . .      Spirit   .    m - +0 plate armour
rPois   .          Reflect  .    c - +0 hat
rElec   .          Harm     .    p - +0 cloak
rCorr   .          Rampage  .    (no gloves)
Will    .....                    (no boots) Stlth
                                 (no amulet)
HPRegen 0.28/turn                (no ring)
MPRegen 0.09/turn                (no ring)

@: no status effects
A: horns 2, retaliatory headbutt
a: no special abilities


You were on level 5 of the Dungeon.
You visited 1 branch of the dungeon, and saw 5 of its levels.

You collected 234 gold pieces.
You spent 95 gold pieces at shops.

Inventory:

Hand Weapons
 a - a +0 heavy long sword (weapon)
Missiles
 d - 3 throwing nets (quivered)
 e - a javelin
Armour
 b - a +0 leather armour
 c - a +0 hat (worn)
 m - a +0 plate armour (worn)
 p - a +0 cloak (worn)
 A - a +0 kite shield (worn)
Jewellery
 v - a ring of ice
 C - a ring of resist corrosion
Scrolls
 f - 4 scrolls of teleportation {unknown}
 g - a scroll of magic mapping {unknown}
 h - a scroll of immolation {unknown}
 j - 9 scrolls of identify {unknown}
 n - a scroll of summoning {unknown}
 o - 2 scrolls of silence {unknown}
 s - a scroll of noise {unknown}
 t - 2 scrolls of poison {unknown}
 w - 2 scrolls of enchant armour {unknown}
 x - a scroll of fog {unknown}
 y - a scroll of amnesia {unknown}
Potions
 i - a potion of mutation {unknown}
 k - a potion of haste
 l - a potion of ambrosia {unknown}
 q - 3 potions of flight {unknown}
 r - 3 potions of might {unknown}
 u - a potion of curing {unknown}
 z - a potion of degeneration {unknown}
 B - 2 potions of cancellation {unknown}


   Skills:
 + Level 4.2 Fighting
 * Level 5.5 Long Blades
 + Level 3.5 Throwing
 + Level 1.7 Armour
 + Level 4.5 Dodging
 + Level 1.7 Shields


You had 5 spell levels left.
You didn't know any spells.
Your spell library contained the following spells:

 Spells                   Type           Power      Damage    Failure   Level
 Necrotise                Necr           0%         1d4       100%        1
 Cigotuvi's Dreadful Rot  Necr/Pois/Air  0%         N/A       100%        2
 Sublimation of Blood     Necr           0%         N/A       100%        2
 Hailstorm                Conj/Ice       0%         3d3       100%        3
 Ozocubu's Armour         Ice            0%         N/A       100%        3
 Animate Dead             Necr           0%         N/A       100%        4
 Ice Form                 Ice/Tmut       0%         N/A       100%        4
 Simulacrum               Ice/Necr       0%         N/A       100%        6
 Ozocubu's Refrigeration  Ice            0%         4d7       100%        7


Dungeon Overview and Level Annotations

Branches:
Dungeon (5/15)             Temple (0/1) D:5

Altars:
Elyvilon
Kikubaaqudgha
Nemelex Xobeh
Qazlal
Sif Muna
Zin

Shops:
D:3 [*[?!


Innate Abilities, Weirdness & Mutations

You have a pair of horns on your head.
You reflexively headbutt those who attack you in melee.


Message History

You feel very sick.
The phantom hits you but does no damage.
You hit the phantom but do no damage.
The phantom is lightly damaged.
You feel very sick. You block the phantom's attack.
The phantom hits you but does no damage.
You hit the phantom but do no damage.
The phantom is lightly damaged.
You feel sick. The phantom hits you.
* * * LOW HITPOINT WARNING * * *
The phantom blinks!
You blink.
You block the phantom's attack.
You feel sick.
You feel sick.
You closely miss the phantom.
The phantom is lightly damaged.
You feel sick.
You are no longer poisoned.
The phantom hits you but does no damage.
You block the phantom's attack.
You slash the phantom!
You headbutt the phantom, but do no damage.
The phantom is heavily damaged.
The black bear bites you.
* * * LOW HITPOINT WARNING * * *
You block the black bear's attack. x2
The phantom hits you but does no damage.
You closely miss the phantom.
The phantom is heavily damaged.
The black bear bites you but does no damage.
The black bear claws you.
* * * LOW HITPOINT WARNING * * *
The black bear claws you but does no damage.
The phantom hits you but does no damage.
The black bear bites you.
* * * LOW HITPOINT WARNING * * *
The black bear claws you.
* * * LOW HITPOINT WARNING * * *
You block the black bear's attack. The phantom hits you.
You die...

#.###..>. ##. ...#...
#... ..... .....
#...## .....
#....#......
#.#..#.....
#.#########.##...#
#...<........W@#
#.#########.#h........
#.#..####### #.#..#
#.#..# #.#..# ..#..#
###...


You could see a black bear and a phantom.

Vanquished Creatures
  A black bear (D:4)
  A scorpion (D:5)
  A hound (D:4)
  Crazy Yiuf (D:4)
  Jessica (D:3)
  Ijyb (D:4)
  2 adders
  5 worms
  2 dart slugs
  2 orcs (D:4)
  10 ball pythons
  5 bats
  6 endoplasms
  2 giant cockroaches
  7 goblins
  11 hobgoblins
  3 quokkas
  2 frilled lizards (D:3)
  7 kobolds
  6 rats
76 creatures vanquished.

Notes
Turn   | Place    | Note
-------+----------+-------------------------------------------
     0 | D:1      | purpskrrrp the Minotaur Gladiator began the quest for the
                  | Orb.
     0 | D:1      | Reached XP level 1. HP: 18/18 MP: 0/0
   219 | D:1      | Reached XP level 2. HP: 25/25 MP: 1/1
   237 | D:1      | Found a faded altar of an unknown god.
   258 | D:1      | Prayed at the altar of an unknown god.
   258 | D:1      | Became a worshipper of Kikubaaqudgha
   258 | D:1      | Reached * piety under Kikubaaqudgha
   258 | D:1      | Received a gift from Kikubaaqudgha
   259 | D:1      | Fell from the grace of Kikubaaqudgha
   769 | D:1      | Reached skill level 4 in Long Blades
  1158 | D:2      | Found a sparkling altar of Nemelex Xobeh.
  1185 | D:2      | Reached XP level 3. HP: 30/31 MP: 2/2
  1940 | D:3      | Noticed Jessica
  1959 | D:3      | Killed Jessica
  1960 | D:3      | Reached XP level 4. HP: 22/38 MP: 3/3
  2098 | D:3      | Found Jusuebe's Distillery.
  2125 | D:3      | Found Hekhlu Weij's Magic Scroll Shoppe.
  2285 | D:3      | Bought a scroll of brand weapon for 95 gold pieces
  2309 | D:3      | Found Noihech's Armour Shop.
  2369 | D:3      | Found Cifuh's Assorted Antiques.
  2372 | D:3      | Found Ceocoff's Antique Armour Emporium.
  2577 | D:4      | Found a shimmering blue altar of Sif Muna.
  2760 | D:4      | Found a stormy altar of Qazlal.
  2956 | D:4      | Noticed Ijyb
  2964 | D:4      | Killed Ijyb
  2965 | D:4      | Reached XP level 5. HP: 13/46 MP: 4/4
  3180 | D:4      | Noticed a black bear
  3218 | D:4      | Killed a black bear
  3219 | D:4      | Reached skill level 5 in Long Blades
  3219 | D:4      | Reached skill level 1 in Armour
  3219 | D:4      | Reached skill level 1 in Shields
  3226 | D:4      | Reached XP level 6. HP: 46/52 MP: 5/5
  3396 | D:4      | Found a glowing silver altar of Zin.
  3438 | D:4      | Found a white marble altar of Elyvilon.
  3587 | D:4      | Found a runed translucent door.
  3588 | D:4      | Noticed Crazy Yiuf
  3594 | D:4      | Killed Crazy Yiuf
  3703 | D:5      | Entered Level 5 of the Dungeon
  3709 | D:5      | Found a staircase to the Ecumenical Temple.
  3730 | D:5      | HP: 2/52 [black bear (1)]
  3730 | D:5      | Slain by a phantom

Illustrated notes

Levels and vault maps discovered:
D:1:      lightli_arrival_maybe_door_vault, layout_basic,
          shapermc_ecumenical_altar_pompeii, chequers_serial_rivers_micro_e,
          minmay_shallow_snake_nest
D:2:      layout_basic, basic_altar, minivault_26, hangedman_decor_points,
          kennysheep_nub, feat_on_display
D:3:      layout_basic, serial_shops, nicolae_diamond_shop, nicolae_square_shop,
          shop, shop, shop, uniq_jessica
D:4:      minmay_opposing_rooms, layout_basic, mainiacjoe_overflow_boulevard,
          mainiacjoe_overflow_24_doors, mainiacjoe_overflow_chevrons,
          kennysheep_little_box, amcnicky_mini_pool_small,
          uniq_crazy_yiuf_cottage, uniq_ijyb
D:5:      layout_loops_ring, lemuel_doored_altar, general_overflow_altar,
          minmay_temple_entry_tees, cheibrodos_sewer_entry_bend, goddamned_bats,
          uniq_menkaure, uniq_eustachio

Skill      XL: |  1  2  3  4  5 |
---------------+----------------+-----
Long Blades    | 4 5 |  5.5
Fighting       | 3 4 |  4.2
Dodging        | 4 |  4.5
Throwing       | 3 |  3.5
Armour         | 1 |  1.7
Shields        | 1 |  1.7

Action                   |  1- 3 |  4- 6 || total
-------------------------+-------+-------++-------
Melee: Long sword        |    90 |    93 ||   183
       Headbutt          |    12 |    16 ||    28
       Punch             |     2 |       ||     2
Invok: Renounce Religion |     1 |       ||     1
  Use: Scroll            |       |     1 ||     1
       Potion            |       |     1 ||     1
Armor: Leather armour    |    21 |       ||    21
       Plate armour      |    33 |    97 ||   130
Dodge: Dodged            |    65 |    23 ||    88
Block: Kite shield       |       |    32 ||    32

Table legend: (Time is in decaauts)
 A = Elapsed time spent in this place.
 B = Non-inter-level travel time spent in this place.
 C = Inter-level travel time spent in this place.
 D = Time resting spent in this place.
 E = Time spent auto-exploring this place.
 F = Levels seen in this place.
 G = Mean time per level.
                   A        B        C        D        E       F      G
               +--------+--------+--------+--------+--------+-----+--------+
         Total |   3790 |   3490 |    300 |      0 |   2883 |   5 |  758.0 |
       Dungeon |   3790 |   3490 |    300 |      0 |   2883 |   5 |  758.0 |
               +--------+--------+--------+--------+--------+-----+--------+

Top non-repeatable levels by time:
     D:4: 1205 daAuts
     D:1: 1122 daAuts
     D:2: 830 daAuts
     D:3: 594 daAuts
     D:5: 37 daAuts
